 Dungeon Crawl Stone Soup version 0.24.0-1-gfbc8707 (webtiles) character file.

Game seed: 16592051507201730005, levelgen mode: deterministic

2492 Buxparty the Ducker (level 9, -4/111 HPs)
             Began as a Gnoll Monk on Jan 2, 2020.
             Was an Initiate of Gozag.
             Slain by a sky beast (5 damage)
             ... on level 7 of the Dungeon.
             The game lasted 00:18:19 (6289 turns).

Buxparty the Ducker (Gnoll Monk)                    Turns: 6289, Time: 00:18:20

Health: -4/111     AC: 24    Str: 16    XL:     9   Next: 52%
Magic:  13/13      EV:  2    Int: 16    God:    Gozag
Gold:   622        SH:  0    Dex: 17    Spells: 16/16 levels left

rFire    x . .     SeeInvis .   z - +2 flail (holy)
rCold    + . .     Gourm    .   (no shield)
rNeg     + + +     Faith    .   (armour currently unavailable)
rPois    +         Spirit   .   (helmet currently unavailable)
rElec    .         Reflect  .   (cloak currently unavailable)
rCorr    .         Harm     .   (gloves currently unavailable)
MR       .....     Rnd*Rage +   (boots currently unavailable) Stlth +++.......NoTele +
                                m - amulet of rage (curse)
HPRegen  0.28/turn              u - ring of ice
MPRegen  0.13/turn              (no ring)

@: tree-form, berserk cooldown, starving, slowed, very slow
A: distributed training, berserk 1, clever 1, low mp 1, strong nose
a: Potion Petition, Call Merchant, Bribe Branch, Renounce Religion, Evoke
Berserk Rage


You were on level 7 of the Dungeon.
You worshipped Gozag.
Gozag was pleased with you.
You were starving.
You were a tree.
You visited 2 branches of the dungeon, and saw 8 of its levels.

You collected 622 gold pieces.

Inventory:

Hand Weapons
 a - a +0 hand axe
 z - a +2 flail of holy wrath (weapon)
Missiles
 h - 11 poisoned darts (quivered)
 I - 2 throwing nets
Armour
 b - a +0 robe
 d - a +0 ring mail (melded)
 v - a +0 chain mail
 y - a +0 helmet (melded)
Jewellery
 k - an uncursed amulet of regeneration
 m - a cursed amulet of rage (around neck)
 u - a ring of ice (left branch)
 w - an uncursed ring of magical power {unknown}
 x - an uncursed ring of wizardry {unknown}
 J - an uncursed amulet of the acrobat {unknown}
Wands
 s - a wand of random effects (11)
 D - a wand of paralysis (10)
Scrolls
 c - 7 scrolls of teleportation {unknown}
 l - 11 scrolls of identify {unknown}
 n - a scroll of fog {unknown}
 p - 4 scrolls of enchant armour {unknown}
 q - a scroll of fear {unknown}
 r - 3 scrolls of blinking {unknown}
 t - 2 scrolls of remove curse {unknown}
 B - 2 scrolls of amnesia {unknown}
 C - a scroll of magic mapping {unknown}
 E - a scroll of noise {unknown}
 G - a scroll of immolation {unknown}
 H - a scroll of random uselessness {unknown}
 L - a scroll of torment {unknown}
Potions
 e - a potion of degeneration {unknown}
 g - a potion of ambrosia {unknown}
 i - a potion of invisibility {unknown}
 j - a potion of lignification
 o - 2 potions of mutation
 A - a potion of cancellation {unknown}
 F - a potion of haste {unknown}
 K - a potion of might {unknown}
Comestibles
 f - 8 rations


   Skills:
 + Level 7.9 Fighting
 + Level 4.2 Short Blades
 + Level 4.2 Long Blades
 + Level 7.9 Axes
 + Level 4.2 Maces & Flails
 + Level 4.2 Polearms
 + Level 4.2 Staves
 + Level 4.2 Slings
 + Level 4.2 Bows
 + Level 4.2 Crossbows
 + Level 4.2 Throwing
 + Level 4.2 Armour
 + Level 7.9 Dodging
 + Level 6.0 Stealth
 + Level 4.2 Shields
 + Level 4.2 Unarmed Combat
 + Level 4.2 Spellcasting
 + Level 3.5 Conjurations
 + Level 3.5 Hexes
 + Level 3.5 Charms
 + Level 3.5 Summonings
 + Level 3.5 Necromancy
 + Level 3.5 Translocations
 + Level 3.5 Transmutations
 + Level 3.5 Fire Magic
 + Level 3.5 Ice Magic
 + Level 3.5 Air Magic
 + Level 3.5 Earth Magic
 + Level 3.5 Poison Magic
 + Level 4.7 Invocations
 + Level 4.2 Evocations


You had 16 spell levels left.
You didn't know any spells.
Your spell library was empty.

Dungeon Overview and Level Annotations

Branches:
Dungeon (7/15)             Temple (1/1) D:4

Altars:
Ashenzari
Cheibriados
Dithmenos
Fedhas
Gozag
Hepliaklqana
Makhleb
Nemelex Xobeh
Okawaru
Qazlal
Ru
Sif Muna
Trog
Uskayaw
Vehumet
Wu Jian
Xom
Yredelemnul
Zin
The Shining One


Innate Abilities, Weirdness & Mutations

Your experience applies equally to all skills.
((You have very sharp teeth.))
Your uncanny sense of smell can sniff out nearby items.
You tend to lose your temper in combat.
Your mind is acute. (Int +2)
Your magical capacity is low. (-10% MP)
((Your system is resistant to poisons. (rPois)))


Message History

Something hits you but does no damage. Something hits you but does no damage.
Something completely misses you. Something hits you but does no damage.
A sky beast appears from thin air!
Reactivating autopickup.
The sky beast hits you but does no damage. x2
The sky beast hits you but does no damage.
The sky beast hits you.
* * * LOW HITPOINT WARNING * * *
The sky beast shocks you.
* * * LOW HITPOINT WARNING * * *
The sky beast hits you but does no damage.
You are starving!
The sky beast hits you but does no damage.
The sky beast hits you but does no damage.
The sky beast hits you.
* * * LOW HITPOINT WARNING * * *
The sky beast shocks you.
You die...
Your body crumbles into a pile of gold.

## ..#...(#.#####..
...
.####......#$#.##... ∆
>.## #..............%
...###..............
...........$$.......
............$.......
.........$........##
.................## #
#......♣Y.(.....# ..
...#.....(.......#
...## ##....$$........
..#..###............##
...............#...##
#..............###.#
####..<.......# .#
###.....#.## .
##....###


You could see a sky beast.

Vanquished Creatures
  Joseph (D:7)
  Grinder (D:6)
  Eustachio (D:6)
  Edmund (D:6)
  An orc warrior (D:6)
  2 ice beasts
  2 phantoms (D:5)
  An ogre (D:6)
  3 centaurs
  2 bullfrogs
  2 scorpions
  A crimson imp (D:6)
  A bullfrog zombie (D:6)
  2 hounds
  A bullfrog skeleton (D:4)
  An orc priest (D:6)
  5 orc wizards
  Crazy Yiuf (D:2)
  Jessica (D:2)
  4 iguanas
  A worker ant (D:4)
  2 worker ant zombies
  5 adders
  2 shadow imps
  An adder zombie (D:5)
  2 worms (D:4)
  A dart slug (D:1)
  4 leopard geckos
  24 orcs
  6 giant cockroaches
  8 hobgoblins
  12 jackals
  6 kobolds
  2 ball pythons (D:3)
  6 bats
  4 frilled lizards
  6 goblins
  A leopard gecko skeleton (D:7)
  5 rats
132 creatures vanquished.

Notes
Turn   | Place    | Note
-------+----------+-------------------------------------------
     0 | D:1      | Buxparty the Gnoll Monk began the quest for the Orb.
     0 | D:1      | Reached XP level 1. HP: 23/23 MP: 1/1
   313 | D:1      | Reached XP level 2. HP: 28/29 MP: 2/2
   683 | D:1      | Reached XP level 3. HP: 35/35 MP: 3/3
   944 | D:2      | Found a shimmering blue altar of Sif Muna.
  1030 | D:2      | Found a runed translucent door.
  1031 | D:2      | Noticed Crazy Yiuf
  1085 | D:2      | Killed Crazy Yiuf
  1085 | D:2      | Reached skill level 1 in Invocations
  1252 | D:2      | Noticed Jessica
  1255 | D:2      | Killed Jessica
  1255 | D:2      | Reached skill level 1 in Short Blades
  1255 | D:2      | Reached skill level 1 in Long Blades
  1255 | D:2      | Reached skill level 1 in Maces & Flails
  1255 | D:2      | Reached skill level 1 in Polearms
  1255 | D:2      | Reached skill level 1 in Staves
  1255 | D:2      | Reached skill level 1 in Slings
  1255 | D:2      | Reached skill level 1 in Bows
  1255 | D:2      | Reached skill level 1 in Crossbows
  1255 | D:2      | Reached skill level 1 in Throwing
  1255 | D:2      | Reached skill level 1 in Armour
  1255 | D:2      | Reached skill level 1 in Shields
  1255 | D:2      | Reached skill level 1 in Unarmed Combat
  1255 | D:2      | Reached skill level 1 in Spellcasting
  1255 | D:2      | Reached skill level 1 in Evocations
  1255 | D:2      | Reached XP level 4. HP: 41/41 MP: 5/5
  1440 | D:2      | Found a hide-covered altar of Uskayaw.
  1508 | D:2      | Found a sacrificial altar of Ru.
  1569 | D:3      | Reached skill level 1 in Conjurations
  1569 | D:3      | Reached skill level 1 in Hexes
  1569 | D:3      | Reached skill level 1 in Charms
  1569 | D:3      | Reached skill level 1 in Summonings
  1569 | D:3      | Reached skill level 1 in Necromancy
  1569 | D:3      | Reached skill level 1 in Translocations
  1569 | D:3      | Reached skill level 1 in Transmutations
  1569 | D:3      | Reached skill level 1 in Fire Magic
  1569 | D:3      | Reached skill level 1 in Ice Magic
  1569 | D:3      | Reached skill level 1 in Air Magic
  1569 | D:3      | Reached skill level 1 in Earth Magic
  1569 | D:3      | Reached skill level 1 in Poison Magic
  1705 | D:3      | Reached XP level 5. HP: 34/47 MP: 6/6
  1886 | D:3      | Noticed a centaur
  1902 | D:3      | Killed a centaur
  1902 | D:3      | Reached XP level 6. HP: 12/53 MP: 8/8
  2431 | D:3      | Found an iron altar of Okawaru.
  2713 | D:4      | Reached XP level 7. HP: 17/59 MP: 10/10
  3559 | D:4      | Found a staircase to the Ecumenical Temple.
  3568 | Temple   | Entered the Ecumenical Temple
  4021 | D:4      | Found an opulent altar of Gozag.
  4028 | D:4      | Became a worshipper of Gozag Ym Sagoz the Greedy
  4104 | D:4      | Found a radiant altar of Vehumet.
  4201 | D:5      | Entered Level 5 of the Dungeon
  4224 | D:5      | Found a shadowy altar of Dithmenos.
  4461 | D:5      | Reached skill level 5 in Stealth
  4548 | D:5      | Reached XP level 8. HP: 60/67 MP: 10/12
  5043 | D:6      | Noticed Grinder
  5043 | D:6      | Noticed Eustachio
  5055 | D:6      | Killed Grinder
  5073 | D:6      | Killed Eustachio
  5404 | D:6      | Noticed Edmund
  5425 | D:6      | Killed Edmund
  5430 | D:6      | Reached XP level 9. HP: 44/72 MP: 14/14
  5971 | D:6      | Found a glowing silver altar of Zin.
  5972 | D:6      | You fall into a shaft and drop 1 floor!
  6226 | D:7      | Noticed Joseph
  6253 | D:7      | Killed Joseph
  6268 | D:7      | HP: 3/74 [scorpion (1)]
  6271 | D:7      | Gained mutation: Your mind is acute. (Int +2) [potion of
                  | mutation]
  6271 | D:7      | Gained mutation: Your magical capacity is low. (-10% MP)
                  | [potion of mutation]
  6271 | D:7      | Gained mutation: You tend to lose your temper in combat.
                  | [potion of mutation]
  6271 | D:7      | Gained mutation: Your system is resistant to poisons.
                  | (rPois) [potion of mutation]
  6275 | D:7      | HP: 5/111 [poisoned by a scorpion]
  6280 | D:7      | HP: 5/111 [poisoned by a scorpion]
  6287 | D:7      | HP: 1/111 [sky beast (5)]
  6289 | D:7      | Slain by a sky beast

Levels and vault maps discovered:
D:1:      tarquinn_simple_flora_water_e, layout_basic, minmay_crystal_room
D:2:      layout_basic, nicolae_ru_the_path_less_chosen,
          nicolae_overflow_crystal_walls, old_standard_altar, first_ration,
          uniq_jessica, uniq_crazy_yiuf_cottage
D:3:      kb_forest_paths, layout_basic, lemuel_round_altar
D:4:      layout_basic, lemuel_coloured_pillars_altar, lemuel_round_altar,
          temple_fountains
D:5:      layout_rooms, grunt_dithmenos_shadows
D:6:      layout_loops_ring, nicolae_overflow_hidden_temple, uniq_eustachio,
          uniq_grinder, uniq_edmund
D:7:      layout_cave_pools, the_bakery, uniq_joseph
Temple:   minmay_temple_bridge_abc

Skill      XL: |  1  2  3  4  5  6  7  8  9 |
---------------+----------------------------+-----
Invocations    | 1 2 3 4 |  4.7
Short Blades   | 1 2 3 4 |  4.2
Long Blades    | 1 2 3 4 |  4.2
Maces & Flails | 1 2 3 4 |  4.2
Polearms       | 1 2 3 4 |  4.2
Staves         | 1 2 3 4 |  4.2
Slings         | 1 2 3 4 |  4.2
Bows           | 1 2 3 4 |  4.2
Crossbows      | 1 2 3 4 |  4.2
Throwing       | 1 2 3 4 |  4.2
Armour         | 1 2 3 4 |  4.2
Shields        | 1 2 3 4 |  4.2
Unarmed Combat | 1 2 3 4 |  4.2
Spellcasting   | 1 2 3 4 |  4.2
Evocations     | 1 2 3 4 |  4.2
Conjurations   | 1 2 3 |  3.5
Hexes          | 1 2 3 |  3.5
Charms         | 1 2 3 |  3.5
Summonings     | 1 2 3 |  3.5
Necromancy     | 1 2 3 |  3.5
Translocations | 1 2 3 |  3.5
Transmutations | 1 2 3 |  3.5
Fire Magic     | 1 2 3 |  3.5
Ice Magic      | 1 2 3 |  3.5
Air Magic      | 1 2 3 |  3.5
Earth Magic    | 1 2 3 |  3.5
Poison Magic   | 1 2 3 |  3.5
Fighting       | 7 |  7.9
Axes           | 7 |  7.9
Dodging        | 7 |  7.9
Stealth        | 5 6 |  6.0

Action                   |  1- 3 |  4- 6 |  7- 9 || total
-------------------------+-------+-------+-------++-------
Melee: Hand axe          |    88 |   161 |    35 ||   284
       Bite              |     8 |    16 |    30 ||    54
       Punch             |       |     2 |     1 ||     3
       Flail             |       |       |   219 ||   219
Invok: Potion Petition   |       |       |     1 ||     1
 Abil: Evoke Berserk Rag |     1 |     1 |     3 ||     5
  Use: Potion            |       |       |     2 ||     2
 Stab: Sleeping          |     7 |     4 |     6 ||    17
       Distracted        |       |       |     1 ||     1
  Eat: Ration            |     1 |     2 |     3 ||     6
Armor: Robe              |     3 |       |       ||     3
       Ring mail         |    19 |    40 |    68 ||   127
       Skin              |       |       |    17 ||    17
Dodge: Dodged            |    68 |   154 |   243 ||   465
